 Dungeon Crawl Stone Soup version 0.26-a0-710-g95a0c6c400 (webtiles) character file.

Game seed: 10139336263790539269

23124 karrick the Cleaver (level 12, -12/91 HPs)
             Began as a Demonspawn Gladiator on Oct 31, 2020.
             Was the Champion of Okawaru.
             Hit by a large rock thrown by a cyclops (30 damage)
             ... on level 13 of the Dungeon.
             The game lasted 00:51:15 (11100 turns).

karrick the Cleaver (Demonspawn Gladiator)         Turns: 11100, Time: 00:51:15

Health: -12/91     AC: 11    Str: 22    XL:     12   Next: 69%
Magic:  0/19       EV: 18    Int: 12    God:    Okawaru [******]
Gold:   977        SH: 17    Dex: 21    Spells: 8/11 levels left

rFire    . . .     SeeInvis .   a - +4 hand axe (elec)
rCold    . . .     Faith    .   P - +3 warlock's mirror {reflect}
rNeg     + . .     Spirit   +   x - +1 leather armour of the Sparrow {+Inv rN+ Str+4 Int-5}
rPois    .         Reflect  +   B - +1 helmet
rElec    .         Harm     .   (no cloak)
rCorr    .         Rampage  .   Q - +0 pair of gloves
MR       .....                  s - +2 pair of boots
Stlth    +++.......             f - amulet of regeneration
HPRegen  0.65/turn              V - +6 ring of intelligence
MPRegen  0.16/turn              D - +6 ring of dexterity

@: about to teleport
A: talons 1, large bone plates 3, demonic guardian 1, magic shield
a: Heroism, Finesse, Renounce Religion, Evoke Invisibility


You were on level 13 of the Dungeon.
You worshipped Okawaru.
Okawaru was exalted by your worship.
You visited 2 branches of the dungeon, and saw 14 of its levels.
You also visited: Bailey.

You collected 1941 gold pieces.
You spent 964 gold pieces at shops.

Inventory:

Hand Weapons
 a - a +4 hand axe of electrocution (weapon)
 c - a +2 vorpal broad axe
 y - a +3 scimitar of flaming
Missiles
 d - 2 throwing nets
 j - 7 silver javelins
 I - 6 silver boomerangs (quivered)
Armour
 s - a +2 pair of boots (worn)
 x - the +1 leather armour of the Sparrow (worn) {+Inv rN+ Str+4 Int-5}
   (You found it on level 4 of the Dungeon)

   It affects your strength (+4).
   It affects your intelligence (-5).
   It protects you from negative energy.
   It lets you turn invisible.
 B - a +1 helmet (worn)
 P - the +3 warlock's mirror (worn) {reflect}
   (You found it on level 9 of the Dungeon)
 Q - a +0 pair of gloves (worn)
 S - the +3 hat of Pondering {ponderous, MR+ MP+10 Int+5}
   (You took it off Gastronok on level 8 of the Dungeon)

   It affects your intelligence (+5).
   It affects your resistance to hostile enchantments.
   It affects your magic capacity (+10).
 T - the +1 scale mail "Rothuty" {Regen+ SInv}
   (You found it on level 13 of the Dungeon)

   It lets you see invisible.
   It increases your rate of regeneration.
 X - the +1 ring mail "Leben" {rN+ Int-4 Dex+9}
   (You bought it in a shop on level 12 of the Dungeon)

   It affects your intelligence (-4).
   It affects your dexterity (+9).
   It protects you from negative energy.
Jewellery
 f - an amulet of regeneration (around neck)
 C - an uncursed ring of protection from cold
 D - a +6 ring of dexterity (right hand)
 V - a +6 ring of intelligence (left hand)
 Y - an uncursed amulet of the acrobat
Wands
 b - a wand of digging (6)
 q - a wand of polymorph (19)
 G - a wand of enslavement (5)
 H - a wand of iceblast (29)
 N - a wand of flame (27)
 U - a wand of paralysis (11)
Scrolls
 g - 6 scrolls of amnesia
 h - 5 scrolls of remove curse
 l - 3 scrolls of enchant armour {unknown}
 m - 4 scrolls of random uselessness
 r - 3 scrolls of fear {unknown}
 t - 11 scrolls of identify
 u - 4 scrolls of magic mapping
 v - 4 scrolls of fog {unknown}
 E - 3 scrolls of enchant weapon {unknown}
 F - 3 scrolls of noise {unknown}
 K - a scroll of blinking {unknown}
 M - a scroll of brand weapon {unknown}
 R - a scroll of vulnerability {unknown}
Potions
 i - 2 potions of flight
 k - 4 potions of curing {unknown}
 n - 3 potions of heal wounds {unknown}
 o - 2 potions of might {unknown}
 p - 4 potions of degeneration {unknown}
 w - a potion of stabbing {unknown}
 z - 3 potions of lignification {unknown}
 A - a potion of mutation {unknown}
 J - 2 potions of magic {unknown}
 L - a potion of berserk rage {unknown}
Miscellaneous
 O - a box of beasts (3/3)
 W - a phial of floods
 Z - a lightning rod (4/4)


   Skills:
 + Level 7.1 Fighting
 + Level 11.8 Axes
 + Level 2.7 Throwing
 + Level 4.5 Armour
 + Level 7.1 Dodging
 + Level 5.5 Stealth
 + Level 6.6 Shields
 + Level 0.1 Spellcasting
 + Level 5.1 Hexes
 * Level 9.7 Invocations
 + Level 2.0 Evocations


You had 8 spell levels left.
You knew the following spells:

 Your Spells              Type           Power        Failure   Level
a - Confusing Touch       Hex            ##......     14%         3

Your spell library contained the following spells:

 Spells                   Type           Power        Failure   Level
 Beastly Appendage        Tmut           #.....       36%         1
 Summon Small Mammal      Summ           #...         36%         1
 Summon Guardian Golem    Hex/Summ       #.......     36%         3
 Call Imp                 Summ           #.......     50%         2
 Wereblood                Tmut           #.......     50%         2
 Call Canine Familiar     Summ           #.......     75%         3
 Gell's Gravitas          Tloc           #.........   75%         3
 Ignite Poison            Fire/Tmut/Pois #.......     75%         3
 Mephitic Cloud           Conj/Pois/Air  #.......     75%         3
 Spider Form              Tmut/Pois      #.........   75%         3
 Ice Form                 Ice/Tmut       #.......     98%         4
 Olgreb's Toxic Radiance  Pois           #.......     98%         4
 Petrify                  Tmut/Erth      #.......     98%         4
 Summon Ice Beast         Ice/Summ       #.......     98%         4
 Summon Lightning Spire   Summ/Air       #.......     98%         4
 Metabolic Englaciation   Hex/Ice        #.........   98%         5
 Yara's Violent Unravell  Hex/Tmut       #.........   98%         5
 Alistair's Intoxication  Tmut/Pois      #........    100%        5
 Blade Hands              Tmut           #.........   100%        5


Dungeon Overview and Level Annotations

Branches:
Dungeon (13/15)            Temple (1/1) D:7            Lair (0/6) D:9
    Orc (0/2) D:9          Bailey (visited)
 Vaults: D:13-14

Altars:
Ashenzari
Cheibriados
Dithmenos
Elyvilon
Fedhas
Gozag
Hepliaklqana
Kikubaaqudgha
Makhleb
Nemelex Xobeh
Okawaru
Qazlal
Ru
Sif Muna
Trog
Uskayaw
Vehumet
Wu Jian
Xom
Yredelemnul
Zin
The Shining One
Beogh

Shops:
D:5 ?   D:6 *   D:12 ?(*[*

Annotations:
D:11 3 runed translucent doors, Schnaeble's ghost, journeyman MiBe


Innate Abilities, Weirdness & Mutations

You have sharp toenails.
You are completely covered in large bone plates. (SH +8)
A weak demonic guardian rushes to your aid.
When hurt, damage is shared between your health and your magic reserves.


Message History

The wolf spider simulacrum freezes you!!
You block the wolf spider simulacrum's attack.
Your white imp gestures at the centaur warrior zombie.
The puff of frost hits the centaur warrior zombie.
The centaur warrior zombie resists.
The cyclops throws a large rock.
The large rock hits you!!
You are too injured to fight recklessly!
Unknown command.
The centaur warrior zombie hits your white imp.
Your white imp dies!
The wolf spider simulacrum barely misses you.
The wolf spider simulacrum bites you!
The wolf spider simulacrum freezes you!!
* * * LOW HITPOINT WARNING * * *
Unknown command.
As you read the scroll of teleportation, it crumbles to dust.
You feel strangely unstable.
You block the centaur warrior zombie's attack.
The cyclops throws a large rock.
The large rock hits you!!
You die...

#..........(... ######
##.........C.... ......
..........:..... ......
............... ......
..........[.. ......
...........# ......
.......>G..############
......
.......Z.........).....
......
.......Z@..............
......
############...........
#####. #...<.......
#...........
#...........
#...........
................
#..##########... #. ...


You could see a cyclops, an eye of draining, a wolf spider simulacrum and a
centaur warrior zombie.

Vanquished Creatures
  Gastronok (D:8)
  Erolcha (D:10)
  7 wizards (D:13)
  4 orc knights
  A cyclops (D:11)
  2 ugly things
  A torpor snail (D:13)
  A kobold demonologist (D:12)
  A centaur skeleton (D:13)
  2 trolls (D:12)
  A hornet (D:12)
  3 slime creatures
  A wraith (D:12)
  A wyvern (D:9)
  23 yaks
  3 water moccasins
  3 black bears
  2 ice beasts
  3 sky beasts
  A phantom (D:4)
  13 orc warriors
  An eye of draining (D:10)
  3 ogres
  5 centaurs
  A big kobold (D:11)
  5 bullfrogs
  2 scorpions
  A wyvern skeleton (D:7)
  A howler monkey (D:4)
  7 killer bees
  31 wights
  3 centaur zombies
  4 hounds
  2 bullfrog skeletons
  4 orc priests
  A jelly (D:11)
  5 iguanas
  Natasha (D:2)
  10 orc wizards
  10 worker ants
  A howler monkey zombie (D:11)
  13 adders
  A gnoll (D:6)
  3 shadow imps
  3 white imps
  2 ufetubi
  3 adder skeletons
  2 worms
  2 dart slugs
  3 leopard geckos
  67 orcs
  2 ball pythons
  7 giant cockroaches
  11 goblins
  4 hobgoblins
  10 jackals
  9 kobolds
  4 quokkas
  8 bats
  4 frilled lizards
  2 gnoll zombies (D:8)
  A leopard gecko skeleton (D:6)
  A leopard gecko zombie (D:6)
  2 quokka skeletons (D:5)
  7 rats (D:1)
344 creatures vanquished.

Vanquished Creatures (collateral kills)
  A boulder beetle (D:13)
  A wizard (D:13)
  A cyclops (D:11)
  A troll (D:8)
  A meliai zombie (D:9)
  3 yaks
  3 orc warriors
  An ice beast (D:6)
  A necrophage (D:6)
  3 ogres
  A centaur (D:6)
  2 hounds
  An orc wizard (D:6)
  Natasha (twice) (D:2)
  A hound zombie (D:11)
  3 gnolls
  A shadow imp (D:10)
  4 orcs
  A kobold (D:11)
  A rat (D:3)
33 creatures vanquished.

Vanquished Creatures (others)
  A hound (D:7)
  An orc (D:12)
  41 plants (D:9)
43 creatures vanquished.

Grand Total: 420 creatures vanquished

Notes
Turn   | Place    | Note
-------+----------+-------------------------------------------
     0 | D:1      | karrick the Demonspawn Gladiator began the quest for the
                  | Orb.
     0 | D:1      | Reached XP level 1. HP: 16/16 MP: 1/1
   109 | D:1      | Gained mutation: A weak demonic guardian rushes to your
                  | aid. [demonic ancestry]
   109 | D:1      | Reached XP level 2. HP: 10/22 MP: 2/2
   367 | D:1      | Reached skill level 3 in Axes
   679 | D:1      | Gained mutation: You are partially covered in large bone
                  | plates. (SH +4) [demonic ancestry]
   679 | D:1      | Reached XP level 3. HP: 27/27 MP: 3/3
  1068 | D:2      | Reached skill level 1 in Armour
  1144 | D:2      | Found a snail-covered altar of Cheibriados.
  1186 | D:2      | Gained mutation: You are mostly covered in large bone
                  | plates. (SH +6) [demonic ancestry]
  1186 | D:2      | Reached XP level 4. HP: 33/33 MP: 4/4
  1224 | D:2      | Noticed Natasha
  1233 | D:2      | Killed Natasha
  1276 | D:2      | Noticed Natasha
  1283 | D:2      | Killed Natasha
  1297 | D:2      | Noticed Natasha
  1307 | D:2      | Killed Natasha
  1307 | D:2      | Reached skill level 4 in Axes
  1434 | D:3      | Reached XP level 5. HP: 31/39 MP: 5/5
  1682 | D:3      | Found a shimmering blue altar of Sif Muna.
  1766 | D:3      | Reached XP level 6. HP: 37/46 MP: 6/6
  1910 | D:3      | Learned a level 3 spell: Confusing Touch
  2003 | D:4      | Reached skill level 5 in Axes
  2126 | D:4      | Reached skill level 1 in Hexes
  2263 | D:4      | Got a faintly glowing leather armour
  2274 | D:4      | Identified the +1 leather armour of the Sparrow {+Inv rN+
                  | Str+4 Int-5} (You found it on level 4 of the Dungeon)
  2580 | D:4      | Reached XP level 7. HP: 52/52 MP: 7/7
  2589 | D:5      | Entered Level 5 of the Dungeon
  2589 | D:5      | Found Hozuixog's Magic Scroll Shop.
  2602 | D:5      | Bought a scroll of identify for 28 gold pieces
  2602 | D:5      | Bought a scroll of magic mapping for 49 gold pieces
  2602 | D:5      | Bought a scroll of magic mapping for 49 gold pieces
  3117 | D:5      | Reached skill level 6 in Axes
  3270 | D:5      | Reached skill level 1 in Stealth
  3328 | D:6      | Reached XP level 8. HP: 56/60 MP: 8/8
  3714 | D:6      | Reached skill level 7 in Axes
  3875 | D:6      | Found Kuunur's Assorted Antiques.
  3889 | D:6      | Bought a scroll labeled VIDWOR TUECUEDD for 29 gold pieces
  3889 | D:6      | Bought a scroll labeled SIOCIB LUMUAPP for 29 gold pieces
  3919 | D:6      | Found a broken altar of Ashenzari.
  4179 | D:7      | Found a stormy altar of Qazlal.
  4395 | D:7      | Found a staircase to the Ecumenical Temple.
  4412 | Temple   | Entered the Ecumenical Temple
  4580 | Temple   | Became a worshipper of Warmaster Okawaru
  4773 | D:7      | Reached XP level 9. HP: 39/66 MP: 6/9
  5325 | D:8      | Noticed Gastronok
  5473 | D:9      | Reached skill level 8 in Axes
  5473 | D:9      | Reached skill level 5 in Dodging
  5533 | D:9      | Noticed a komodo dragon
  5576 | D:9      | Found a glowing silver altar of Zin.
  5613 | D:9      | Reached * piety under Okawaru
  5955 | D:9      | Reached skill level 5 in Hexes
  6125 | D:9      | Reached skill level 5 in Fighting
  6125 | D:9      | Reached skill level 1 in Invocations
  6278 | D:9      | Found a staircase to the Orcish Mines.
  6370 | D:9      | Reached skill level 9 in Axes
  6380 | D:9      | Found a staircase to the Lair.
  6491 | D:9      | Found Vyar Boq's Antique Armour Emporium.
  6516 | D:9      | Found the +3 warlock's mirror {reflect}
  6607 | D:10     | Entered Level 10 of the Dungeon
  6788 | D:10     | Reached ** piety under Okawaru
  6859 | D:10     | Gained mutation: When hurt, damage is shared between your
                  | health and your magic reserves. [demonic ancestry]
  6859 | D:10     | Reached XP level 10. HP: 74/74 MP: 10/12
  7092 | D:10     | Noticed Erolcha
  7145 | D:10     | Reached skill level 1 in Shields
  7510 | D:8      | Killed Gastronok
  7510 | D:8      | Reached *** piety under Okawaru
  7510 | D:8      | Reached skill level 5 in Invocations
  7510 | D:8      | Reached skill level 1 in Evocations
  7668 | D:8      | Found a basalt altar of Yredelemnul.
  8033 | D:11     | Noticed a cyclops
  8062 | D:11     | Reached skill level 10 in Axes
  8110 | D:11     | Reached **** piety under Okawaru
  8116 | D:11     | Found a runed translucent gate.
  8117 | D:11     | Found a runed translucent gate.
  8117 | D:11     | Identified the cursed +0 chain mail of the New World {Harm
                  | MR+ Stlth+}
  8123 | D:11     | Noticed Schnaeble's ghost (journeyman MiBe)
  8227 | D:11     | Found a runed translucent gate.
  8233 | D:11     | Found a roughly hewn altar of Beogh.
  8258 | D:11     | Gained mutation: You are completely covered in large bone
                  | plates. (SH +8) [demonic ancestry]
  8258 | D:11     | Reached XP level 11. HP: 69/81 MP: 15/15
  8479 | D:12     | Found a broken altar of Ashenzari.
  8505 | D:12     | Found Feqa's Antique Armour Shop.
  8524 | D:12     | Found Hepsy's Magic Scroll Shop.
  8532 | D:12     | Found Cutofik's Weapon Shop.
  8533 | D:12     | Found Cadahup's General Store.
  8625 | D:12     | Found Nabryakh's General Store.
  8646 | D:12     | Found a flagged portal.
  8673 | D:12     | Reached ***** piety under Okawaru
  8695 | Bailey   | Entered a bailey
  8709 | Bailey   | Noticed an orc knight
  8729 | Bailey   | Noticed an orc knight
  8823 | Bailey   | Identified Sif Muna's Incunabulum of Poison
  8863 | Bailey   | Killed an orc knight
  8911 | Bailey   | Killed an orc knight
  8919 | Bailey   | Noticed an orc knight
  8952 | Bailey   | Killed an orc knight
  9048 | D:12     | Noticed a green ugly thing
  9075 | D:12     | Killed a green ugly thing
  9359 | D:11     | Reached skill level 5 in Shields
  9365 | D:11     | Received a gift from Okawaru
  9391 | D:11     | Reached skill level 11 in Axes
  9511 | D:11     | Noticed a white ugly thing
  9525 | D:11     | Killed a white ugly thing
  9814 | D:12     | Noticed an orc knight
  9914 | D:12     | Gained mutation: You have sharp toenails. [demonic
                  | ancestry]
  9914 | D:12     | Reached XP level 12. HP: 80/89 MP: 14/18
  9987 | D:12     | Bought a distressingly furry ring mail for 279 gold pieces
  9987 | D:12     | Bought a pair of runed boots for 232 gold pieces
 10012 | D:12     | Identified the cursed +1 ring mail "Leben" {rN+ Int-4
                  | Dex+9} (You bought it in a shop on level 12 of the Dungeon)
 10013 | D:12     | Bought an ichor-stained robe for 176 gold pieces
 10027 | D:12     | Identified the +1 robe "Kiptorup" {rElec MR++} (You bought
                  | it in a shop on level 12 of the Dungeon)
 10356 | D:12     | Bought a scroll of identify for 34 gold pieces
 10356 | D:12     | Bought a scroll of magic mapping for 59 gold pieces
 10402 | D:13     | Noticed a boulder beetle
 10427 | D:13     | Killed a boulder beetle
 10521 | D:13     | Reached ****** piety under Okawaru
 10538 | D:13     | Identified the +1 scale mail "Rothuty" {Regen+ SInv} (You
                  | found it on level 13 of the Dungeon)
 10577 | D:13     | Received a gift from Okawaru
 10636 | D:13     | Reached skill level 5 in Stealth
 10680 | D:13     | Received a gift from Okawaru
 10765 | D:13     | Noticed a six-headed hydra
 10882 | D:10     | Killed Erolcha
 11100 | D:13     | Hit by a large rock thrown by a cyclops

Illustrated notes

Levels and vault maps discovered:
D:1:      saegor_arrival_simple_c, layout_loops_ring, palyth_stone_intersect
D:2:      layout_rooms, cheibriados_altar_1, uniq_natasha
D:3:      layout_rooms, lemuel_crystal_altar
D:4:      layout_cave_pools, minmay_starry_boxes
D:5:      layout_basic, serial_shops, shop_fountains
D:6:      layout_rooms, kennysheep_mini, serial_shops,
          nicolae_shop_temple_entry_statues_fountains
D:7:      layout_basic, old_standard_altar, minmay_temple_entry_wispy
D:8:      layout_rooms, lemuel_zombie_altar_yredelemnul, uniq_gastronok
D:9:      layout_gridville, nicolae_overflow_hidden_temple, david_lair_shrubbed,
          hiddenorc1_lemuel, serial_shops, nicolae_shop_window_shopping
D:10:     layout_big_octagon, uniq_erolcha
D:11:     layout_gridville, biasface_ghost_orc_armoury, grunt_decor_fettered,
          minmay_misc_feat_diagonals, minmay_misc_feat_columns
D:12:     layout_roguey [special_room_orc], serial_shops, shop,
          nicolae_shop_window_shopping, nicolae_shop_behind_doors, shop, shop,
          enter_bailey_2, ashenzari_altar_1
D:13:     minmay_wizard_corner, layout_long_grid, david_vaults_1,
          trove_entry_hex_spiral, worms_lemuel
Temple:   eino_temple_rhombus

Skill      XL: |  1  2  3  4  5  6  7  8  9 10 11 12 |
---------------+-------------------------------------+-----
Axes           | 3 4 5 6 7 9 10 11 | 11.8
Throwing       | 2 |  2.7
Dodging        | 3 4 5 6 7 |  7.1
Armour         | 1 2 3 4 |  4.5
Fighting       | 3 4 5 6 7 |  7.1
Hexes          | 1 3 4 5 |  5.1
Stealth        | 1 2 3 4 5 |  5.5
Invocations    | 2 5 8 9 |  9.7
Shields        | 3 5 6 |  6.6
Evocations     | 1 2 |  2.0
Spellcasting   | |  0.1

Action                   |  1- 3 |  4- 6 |  7- 9 | 10-12 || total
-------------------------+-------+-------+-------+-------++-------
Melee: War axe           |   103 |   196 |   482 |   250 ||  1031
       Rapier            |       |       |       |     5 ||     5
       Hand axe          |       |       |       |   366 ||   366
Throw: Throwing net      |       |       |       |     1 ||     1
       Boomerang         |       |       |       |    24 ||    24
 Cast: Confusing Touch   |       |       |     1 |       ||     1
Invok: Heroism           |       |       |       |    12 ||    12
Evoke: Wand              |       |       |     2 |    19 ||    21
       Lightning rod     |       |       |       |     4 ||     4
       Phial of floods   |       |       |       |     1 ||     1
  Use: Scroll            |       |       |     6 |    11 ||    17
       Potion            |       |       |       |     1 ||     1
 Stab: Distracted        |       |     1 |     3 |    11 ||    15
       Sleeping          |       |       |     3 |    10 ||    13
       Held in net/web   |       |       |       |     4 ||     4
Armor: Leather armour    |    29 |    34 |   105 |    51 ||   219
Dodge: Dodged            |    99 |   104 |   345 |   210 ||   758
Block: Other             |    21 |    55 |   143 |       ||   219
       Buckler           |       |       |    36 |   407 ||   443
       Reflection        |       |       |     1 |    26 ||    27

Table legend: (Time is in decaauts)
 A = Elapsed time spent in this place.
 B = Non-inter-level travel time spent in this place.
 C = Inter-level travel time spent in this place.
 D = Time resting spent in this place.
 E = Time spent auto-exploring this place.
 F = Levels seen in this place.
 G = Mean time per level.
                   A        B        C        D        E       F      G
               +--------+--------+--------+--------+--------+-----+--------+
         Total |  11163 |  10407 |    756 |    724 |   5769 |  15 |  744.2 |
       Dungeon |  10666 |   9958 |    708 |    685 |   5635 |  13 |  820.5 |
        Temple |    184 |    136 |     48 |      0 |    134 |   1 |  184.0 |
        Bailey |    311 |    311 |      0 |     39 |      0 |   1 |  311.0 |
               +--------+--------+--------+--------+--------+-----+--------+

Top non-repeatable levels by time:
     D:9: 1417 daAuts
    D:12: 1195 daAuts
    D:11: 1027 daAuts
     D:1: 980 daAuts
     D:7: 947 daAuts
     D:5: 872 daAuts
    D:10: 763 daAuts
     D:4: 683 daAuts
     D:6: 660 daAuts
     D:8: 637 daAuts
     D:3: 532 daAuts
     D:2: 487 daAuts
    D:13: 461 daAuts
  Bailey: 311 daAuts
  Temple: 184 daAuts
